 Dungeon Crawl Stone Soup version 0.22.1-1-ga44c0e5 (webtiles) character file.

71750 Fang the Severer (level 15, -3/101 HPs)
             Began as a Gargoyle Berserker on Oct 8, 2018.
             Was a High Priest of Trog.
             Slain by Rupert
             ... wielding a +3 great mace of crushing
              (6 damage)
             ... on level 15 of the Dungeon on Oct 9, 2018.
             The game lasted 00:32:45 (23568 turns).

Fang the Severer (Gargoyle Berserker)              Turns: 23568, Time: 00:32:46

Health: -3/101     AC: 28    Str: 32    XL:     15   Next: 37%
Magic:  15/15      EV: 10    Int: 16    God:    Trog [*****.]
Gold:   1504       SH:  0    Dex:  9    Spells: 14/14 levels left

rFire    + . .     SeeInvis .   Q - +3 battleaxe (holy)
rCold    . . .     Gourm    +   (shield currently unavailable)
rNeg     + . .     Faith    .   h - +2 plate armour
rPois    ∞         Spirit   .   p - +1 helmet {Int+3}
rElec    +         Reflect  .   (no cloak)
rCorr    .         Harm     .   (no gloves)
MR       ++...                  (no boots)
Stlth    ..........             M - amulet of the gourmand
HPRegen  0.26/turn              K - ring of stealth
MPRegen  0.14/turn              z - ring of Hoacor {*Slow rF+ Str+5 Int+5}

@: about to teleport, corroded, berserk cooldown, flying, slowed, very slow
A: big wings, hooves 1, magic resistance 1, negative energy resistance 1,
electricity resistance, unbreathing, petrification resistance, rot immunity, AC
+11
a: Stop Flying, Berserk, Trog's Hand, Brothers in Arms, Renounce Religion


You were on level 15 of the Dungeon.
You worshipped Trog.
Trog was extremely pleased with you.
You were full.

You visited 3 branches of the dungeon, and saw 22 of its levels.

You collected 1504 gold pieces.

Inventory:

Hand Weapons
 q - a +3 hand axe of chopping
 r - a +0 war axe
 v - a +2 antimagic battleaxe
 G - a +6 war axe of draining
 Q - a +3 battleaxe of holy wrath (weapon)
Armour
 h - a +2 plate armour (worn)
 p - a +1 helmet of intelligence (worn)
Jewellery
 j - an uncursed amulet of the acrobat
 m - an uncursed ring of protection from fire
 x - an uncursed ring of protection from cold
 z - the ring of Hoacor (right hand) {*Slow rF+ Str+5 Int+5}
   (You found it on level 13 of the Dungeon)

   [ring of protection from fire]

   It affects your strength (+5).
   It affects your intelligence (+5).
   It protects you from fire.
   It may slow you when you take damage.
 K - a ring of stealth (left hand)
 M - an amulet of the gourmand (around neck)
 N - an uncursed amulet of regeneration
 S - an uncursed ring of protection from magic
Wands
 e - a wand of clouds (3)
 i - a wand of acid (3)
 u - a wand of random effects (18)
 y - a wand of paralysis (23)
 A - a wand of digging (26)
 B - a wand of disintegration (22)
 C - a wand of iceblast (25)
 D - a wand of enslavement (6)
 H - a wand of flame (48)
Scrolls
 a - 7 scrolls of identify
 g - 5 scrolls of fear
 k - 2 scrolls of magic mapping
 o - 9 scrolls of teleportation
 w - 7 scrolls of remove curse
 J - a scroll of fog
 L - 2 scrolls of blinking
 P - 2 scrolls of enchant armour
 R - 2 scrolls of vulnerability {unknown}
Potions
 b - 4 potions of cancellation
 d - 2 potions of berserk rage
 f - 3 potions of resistance
 l - 3 potions of brilliance
 n - 4 potions of might
 s - 2 potions of lignification
 t - 2 potions of agility
 E - a potion of ambrosia
 F - 5 potions of curing
 I - 2 potions of heal wounds
 O - a potion of haste
Comestibles
 c - 31 rations


   Skills:
 + Level 14.4 Fighting
 + Level 16.8 Axes
 + Level 13.6 Armour
 + Level 3.7 Dodging
 + Level 3.6 Stealth


You had 14 spell levels left.
You didn't know any spells.
Your spell library was empty.

Dungeon Overview and Level Annotations

Branches:
Dungeon (15/15)            Temple (1/1) D:4            Lair (6/6) D:9
  Swamp (0/4) Lair:2        Snake (0/4) Lair:4        Slime (0/5) Lair:6
    Orc (0/2) D:11         Vaults (0/5) D:13
 Depths: D:15

Altars:
Ashenzari
Cheibriados
Dithmenos
Elyvilon
Fedhas
Gozag
Kikubaaqudgha
Nemelex Xobeh
Qazlal
Sif Muna
Trog
Vehumet
Wu Jian
Yredelemnul
Zin
The Shining One
Beogh

Annotations:
D:15 Rupert
Lair:4 2 transporters
Lair:5 exclusion: 4 oklob plants


Innate Abilities, Weirdness & Mutations

You are resistant to torment.
Your stone body is resilient. (AC +11)
You are immune to poison.
Your large and strong wings let you fly indefinitely.
You resist negative energy. (rN+)
You are resistant to electric shocks. (rElec)
You can survive without breathing.
You are immune to petrification.
You are immune to rotting.
You have large cloven feet.
You are resistant to hostile enchantments. (MR+)


Message History

Found 23 gold pieces.
Things that are here:
an uncursed shortbow x2; 29 arrows
As you read the scroll of teleportation, it crumbles to dust.
You feel strangely unstable. Rupert hits you but does no damage.
The red ugly thing closely misses you.
The red ugly thing basks in the mutagenic energy from its kin and changes!
Rupert hits you with a great mace of crushing.
* * * LOW HITPOINT WARNING * * *
x2 The red ugly thing pecks you but does no damage.
The tengu warrior barely misses you.
The tengu warrior pecks you but does no damage.
The tengu warrior claws you but does no damage.
You slice the red ugly thing!!
The red ugly thing is severely wounded.
You slice Rupert!! You slice the red ugly thing!! You hit the brown ugly thing.
The tengu warrior blocks your attack.
Rupert hits you with a great mace of crushing!!
* * * LOW HITPOINT WARNING * * *
You die...

.... . .... .#.
..... ....
#...##### ##=...
#.....(.##......
##...............
.......@@u...#
......)uuQ.#..$.
.......u)### #
.........#
..(.......
...#####... ##
#...@ ....u.
../....


You could see Rupert (berserk), 4 ugly things and a tengu warrior.

Vanquished Creatures
  A yaktaur captain (D:13)
  Fannar (Lair:3)
  2 hydras
  2 centaur warriors (D:15)
  3 two-headed ogres
  Sonja (D:11)
  Nergalle (D:11)
  An unseen horror (D:11)
  The ghost of Paterick the Grappler, a novice TrMo (D:6)
  Pikel (D:4)
  3 deep elf magi
  An orc knight (D:13)
  A wolf spider zombie (D:14)
  12 ugly things
  4 cyclopes
  2 manticores
  Joseph (D:7)
  Psyche (D:11)
  A centaur zombie (D:13)
  7 black mambas
  27 spiny frogs
  A rime drake (shapeshifter) (D:11)
  A gargoyle (D:14)
  A rime drake (Lair:3)
  A kobold demonologist (D:11)
  2 yaktaurs (D:13)
  4 komodo dragons
  A tengu conjurer (D:13)
  A jumping spider (shapeshifter) (D:13)
  4 trolls
  3 hornets
  5 slime creatures
  A tyrant leech (Lair:6)
  7 hippogriffs
  7 dream sheep (Lair:5)
  20 blink frogs
  A vampire (D:11)
  A spriggan (D:11)
  3 wraiths
  2 wyverns (D:9)
  37 yaks
  7 basilisks
  A human (shapeshifter) (D:13)
  6 vampire mosquitoes (Lair:6)
  2 hungry ghosts (D:14)
  A steam dragon (D:9)
  Grum (D:10)
  An acid dragon (D:13)
  19 water moccasins
  13 porcupines
  13 orc warriors
  A hornet zombie (D:11)
  3 slaves (D:4)
  4 ice beasts
  7 sky beasts
  4 black bears
  3 phantoms
  2 necrophages
  12 ogres
  16 wolves
  15 centaurs
  16 crocodiles
  2 big kobolds
  32 bullfrogs
  A gnoll sergeant (D:10)
  6 scorpions
  7 killer bees
  4 howler monkeys
  4 wights (D:13)
  7 electric eels
  9 crimson imps
  A quasit (D:8)
  5 bullfrog zombies
  5 orc priests
  7 hounds
  19 jellies
  4 bullfrog skeletons
  4 centaur skeletons
  3 gnoll shamans (D:12)
  2 iguanas
  Ijyb (D:2)
  14 orc wizards
  12 worker ants
  A hound skeleton (D:4)
  A worker ant zombie (D:8)
  13 adders
  12 gnolls
  2 shadow imps
  2 oozes
  4 adder skeletons
  A worm (D:3)
  4 dart slugs
  6 leopard geckos
  90 orcs
  3 ball pythons
  4 giant cockroaches
  4 hobgoblins
  8 jackals
  5 quokkas
  4 bats
  5 frilled lizards
  7 goblins (D:2)
  A jackal skeleton (D:7)
  12 kobolds
  A leopard gecko zombie (D:5)
  7 rats
  12 fungi
  12 plants
694 creatures vanquished.

Vanquished Creatures (collateral kills)
  6 hydras
  4 death yaks (Lair:6)
  2 black mambas (Lair:6)
  A spiny frog (Lair:4)
  2 komodo dragons
  2 tyrant leeches (Lair:6)
  6 blink frogs
  A crocodile (Lair:6)
  3 bullfrogs (Lair:6)
  An adder (Lair:4)
28 creatures vanquished.

Vanquished Creatures (others)
  A wizard (D:12)
  23 fungi
  33 plants
  A withered plant (D:6)
58 creatures vanquished.

Grand Total: 780 creatures vanquished

Notes
Turn   | Place    | Note
-------+----------+-------------------------------------------
     0 | D:1      | Fang the Gargoyle Berserker began the quest for the Orb.
     0 | D:1      | Reached XP level 1. HP: 14/14 MP: 1/1
   111 | D:1      | Reached XP level 2. HP: 11/19 MP: 2/2
   117 | D:1      | Reached skill level 3 in Axes
   349 | D:2      | Noticed Ijyb
   357 | D:2      | Reached XP level 3. HP: 24/24 MP: 3/3
   362 | D:2      | Killed Ijyb
   471 | D:2      | Reached XP level 4. HP: 18/29 MP: 4/4
   481 | D:2      | Reached ** piety under Trog
   621 | D:2      | Found a deep blue altar of Sif Muna.
   840 | D:2      | Found a sparkling altar of Nemelex Xobeh.
   840 | D:2      | Found a snail-covered altar of Cheibriados.
   840 | D:2      | Found a shadowy altar of Dithmenos.
   840 | D:2      | Found a basalt altar of Yredelemnul.
   854 | D:2      | Found a white marble altar of Elyvilon.
   856 | D:2      | Found a radiant altar of Vehumet.
  1564 | D:3      | Reached XP level 5. HP: 33/33 MP: 5/5
  1921 | D:4      | Reached skill level 4 in Axes
  1961 | D:4      | Noticed a phantom
  1991 | D:4      | Killed a phantom
  2024 | D:4      | Reached XP level 6. HP: 38/39 MP: 6/6
  2223 | D:4      | Found a staircase to the Ecumenical Temple.
  2334 | D:4      | Noticed a slave
  2334 | D:4      | Noticed a slave
  2335 | D:4      | Noticed Pikel
  2336 | D:4      | Noticed a slave
  2338 | D:4      | Noticed a slave
  2340 | D:4      | Reached *** piety under Trog
  2340 | D:4      | Reached skill level 5 in Axes
  2342 | D:4      | Killed a slave
  2343 | D:4      | Killed a slave
  2349 | D:4      | Killed a slave
  2355 | D:4      | Killed Pikel
  2355 | D:4      | Reached skill level 5 in Fighting
  2355 | D:4      | Reached skill level 6 in Axes
  2355 | D:4      | Reached XP level 7. HP: 44/44 MP: 7/7
  2691 | D:4      | Reached XP level 8. HP: 48/49 MP: 8/8
  2958 | Temple   | Entered the Ecumenical Temple
  3016 | D:5      | Entered Level 5 of the Dungeon
  3061 | D:5      | Reached skill level 7 in Axes
  3269 | D:5      | Reached skill level 5 in Armour
  4169 | D:6      | Found a runed door.
  4171 | D:6      | Noticed Paterick's ghost (novice TrMo)
  4230 | D:6      | Reached skill level 8 in Axes
  4234 | D:6      | Reached XP level 9. HP: 49/56 MP: 9/9
  4290 | D:6      | Killed Paterick's ghost
  5029 | D:7      | Noticed a hornet
  5041 | D:7      | Killed a hornet
  5041 | D:7      | Reached skill level 9 in Axes
  5044 | D:7      | Reached **** piety under Trog
  5593 | D:7      | Noticed Joseph
  5608 | D:7      | Killed Joseph
  5608 | D:7      | Reached XP level 10. HP: 64/64 MP: 10/10
  5730 | D:8      | Reached skill level 10 in Axes
  7381 | D:9      | Found a roughly hewn altar of Beogh.
  7392 | D:9      | Reached ***** piety under Trog
  7401 | D:9      | Reached skill level 1 in Stealth
  7602 | D:9      | Reached XP level 11. HP: 62/71 MP: 11/11
  7643 | D:9      | Reached skill level 11 in Axes
  7785 | D:9      | Found a staircase to the Lair.
  8166 | D:9      | Found a glowing golden altar of the Shining One.
  8607 | D:10     | Entered Level 10 of the Dungeon
  8739 | D:10     | Noticed Grum
  8742 | D:10     | Killed Grum
  8833 | D:10     | Noticed a seven-headed hydra
  8867 | D:10     | Killed an eight-headed hydra
  8928 | D:10     | Identified a scroll of acquirement
  8944 | D:10     | Gained mutation: You have a pair of small antennae on your
                  | head. [potion of mutation]
  8944 | D:10     | Gained mutation: You are partially covered in rugged brown
                  | scales. (AC +1, +3% HP) [potion of mutation]
  8945 | D:10     | Lost mutation: You are partially covered in rugged brown
                  | scales. (AC +1, +3% HP) [potion of mutation]
  8945 | D:10     | Gained mutation: You are frail. (-10% HP) [potion of
                  | mutation]
  8945 | D:10     | Gained mutation: Your spells are a little harder to cast,
                  | but a little more powerful. [potion of mutation]
  9265 | D:10     | Found a bloodstained altar of Trog.
  9588 | Lair:1   | Entered Level 1 of the Lair of Beasts
  9588 | Lair:1   | Noticed a four-headed hydra
  9593 | Lair:1   | Killed a four-headed hydra
  9593 | Lair:1   | Received a gift from Trog
  9802 | Lair:1   | Lost mutation: You have a pair of small antennae on your
                  | head. [potion of mutation]
  9802 | Lair:1   | Lost mutation: You are frail. (-10% HP) [potion of
                  | mutation]
  9802 | Lair:1   | Lost mutation: Your spells are a little harder to cast, but
                  | a little more powerful. [potion of mutation]
  9802 | Lair:1   | Gained mutation: You are resistant to hostile enchantments.
                  | (MR+) [potion of mutation]
  9802 | Lair:1   | Gained mutation: You have large cloven feet. [potion of
                  | mutation]
  9836 | Lair:1   | Reached skill level 10 in Fighting
 10136 | Lair:1   | Reached skill level 12 in Axes
 11175 | Lair:2   | Reached XP level 12. HP: 55/78 MP: 4/12
 11526 | Lair:2   | Found a staircase to the Swamp.
 12168 | Lair:2   | Reached skill level 10 in Armour
 13035 | Lair:3   | Reached skill level 13 in Axes
 13141 | Lair:3   | Noticed Fannar
 13163 | Lair:3   | Killed Fannar
 13785 | Lair:4   | Noticed a seven-headed hydra
 13791 | Lair:4   | Killed a seven-headed hydra
 13999 | Lair:4   | Found a staircase to the Snake Pit.
 14007 | Lair:4   | Received a gift from Trog
 14083 | Lair:4   | Found a transporter.
 14140 | Lair:4   | Found a transporter.
 14302 | Lair:4   | Reached XP level 13. HP: 83/85 MP: 13/13
 14547 | Lair:5   | Reached skill level 14 in Axes
 15395 | Lair:6   | Entered Level 6 of the Lair of Beasts
 15446 | Lair:6   | Reached skill level 15 in Axes
 16223 | Lair:6   | Found a staircase to the Slime Pits.
 16384 | Lair:6   | Gained mutation: Your large and strong wings let you fly
                  | indefinitely. [Gargoyle growth]
 16384 | Lair:6   | Reached XP level 14. HP: 27/92 MP: 14/14
 16504 | Lair:6   | HP: 2/92 [tyrant leech (16)]
 18298 | D:11     | Noticed Nergalle
 18310 | D:11     | Killed Nergalle
 18850 | D:11     | Noticed Sonja
 18878 | D:11     | Found a staircase to the Orcish Mines.
 18881 | D:11     | Received a gift from Trog
 19247 | D:11     | Noticed Psyche
 19258 | D:11     | Killed Psyche
 19419 | D:11     | Reached skill level 16 in Axes
 19709 | D:11     | Killed Sonja
 20440 | D:12     | Received a gift from Trog
 20949 | D:12     | Found a bloodstained altar of Trog.
 21669 | D:13     | Reached XP level 15. HP: 93/100 MP: 15/15
 22090 | D:13     | Got a glittering wooden ring
 22118 | D:13     | Identified the ring of Hoacor {*Slow rF+ Str+5 Int+5} (You
                  | found it on level 13 of the Dungeon)
 22295 | D:13     | Found a gate to the Vaults.
 23427 | D:14     | Noticed an angel
 23428 | D:14     | Found a glowing silver altar of Zin.
 23540 | D:15     | Entered Level 15 of the Dungeon
 23552 | D:15     | Noticed Rupert
 23568 | D:15     | HP: 3/101 [Rupert/great mace of crushing (20)]
 23568 | D:15     | Slain by Rupert

Skill      XL: |  1  2  3  4  5  6  7  8  9 10 11 12 13 14 15 |
---------------+----------------------------------------------+-----
Axes           | 3 4 6 8 9 10 12 13 15 16 | 16.8
Fighting       | 4 5 6 8 9 10 11 12 13 14 | 14.4
Dodging        | 2 3 |  3.7
Armour         | 3 4 5 7 8 9 10 11 13 | 13.6
Stealth        | 1 2 3 |  3.6

Action                   |  1- 3 |  4- 6 |  7- 9 | 10-12 | 13-15 || total
-------------------------+-------+-------+-------+-------+-------++-------
Melee: Hand axe          |    52 |   223 |   271 |   522 |       ||  1068
       Battleaxe         |       |       |       |   305 |    95 ||   400
       Kick              |       |       |       |    98 |   256 ||   354
       War axe           |       |       |       |    14 |   786 ||   800
Invok: Berserk           |     1 |     2 |     3 |     8 |     7 ||    21
       Brothers in Arms  |       |       |       |     4 |     8 ||    12
 Abil: Fly               |       |       |       |       |     1 ||     1
  Use: Scroll            |       |       |       |    27 |     4 ||    31
       Potion            |       |       |       |     3 |     3 ||     6
 Stab: Sleeping          |       |       |       |     1 |       ||     1
  Eat: Chunk             |       |     6 |     7 |    31 |    75 ||   119
       Ration            |       |       |     2 |     2 |       ||     4
Armor: Animal skin       |    27 |     1 |       |       |       ||    28
       Plate armour      |       |   193 |   194 |   545 |   647 ||  1579
Dodge: Dodged            |    40 |   104 |   103 |   349 |   352 ||   948
